AoeStats
← 13 E Confirma

Yucatan

503163092Analyzed
3v3 RM · 1mo ago on Aug 30, 2026· 21m 21s· 6 players
Game mode
Random Map
Map size
Normal (6 player)
Population
200
Speed
Normal
Resources
Standard
Victory
Conquest
Starting age
Dark Age
Ending age
Imperial Age
RankedLock teamsTeams togetherTeam positionsShared explorationLock speedFull tech treeHidden civsTurbo modeCheats
Victory
Defeat
🇧🇷 Franks · Brazil
1001
+13
🇪🇸 Celts · Spain
899
+15
🇪🇸 Tupi · Spain
889
+15
🇨🇱 Persians · Chile
885
-14
🇫🇷 Teutons · France
867
-13
🇦🇷 Franks · Argentina
864
-24
Rislo69
10:46 Feudal Age
11:29 Double-Bit Axe
21:19 Castle Age
19:06 Horse Collar
19:19 Stone Mining
19:22 Gold Mining
xRorro96x
11:17 Feudal Age
12:30 Wheelbarrow
11:42 Double-Bit Axe
11:55 Loom
18:43 Castle Age
19:20 Bow Saw
19:36 Hand Cart
19:56 Horse Collar
ScorpioFire2253
2:39 Loom
9:33 Feudal Age
12:04 Wheelbarrow
12:50 Double-Bit Axe
20:14 Castle Age
Sergio10326
3:23 Loom
10:39 Feudal Age
13:54 Champi Runner
14:46 Double-Bit Axe
15:25 Town Watch
18:06 Forging
21:21 Horse Collar
osianpg
8:45 Loom
10:44 Feudal Age
11:53 Double-Bit Axe
11:49 Horse Collar
12:01 Gold Mining
12:02 Stone Mining
14:58 Wheelbarrow
22:32 Castle Age
22:09 Forging
13 E Confirma
10:11 Feudal Age
11:15 Double-Bit Axe
14:25 Loom
18:19 Castle Age
18:14 Forging
18:12 Scale Barding Armor
Connection lost

Rejoining the realm…

Still unreachable

The connection could not be restored.

Session expired

The server has moved on; the page needs a fresh start.